[Event "ICCopen2017"]
[Site "Internet Chess Club"]
[Date "2017.03.26"]
[Round "10"]
[White "dhar2603"]
[Black "arshavin2015"]
[Result "1/2-1/2"]
[ICCResult "Game drawn because neither player has mating material"]
[WhiteElo "1881"]
[BlackElo "1977"]
[Opening "Réti opening"]
[ECO "A04"]
[NIC "QP.11"]
[Time "20:52:58"]
[TimeControl "180+0"]

1. Nf3 g6 2. e4 Bg7 3. d4 c5 4. c3 cxd4 5. cxd4 d5 6. e5 Nc6 7. Nc3 Nh6 8.
Bxh6 Bxh6 9. Bb5 Bg4 10. Bxc6+ bxc6 11. Qa4 Bd7 12. Qa3 O-O 13. O-O Bg4 14.
Na4 Qa5 15. Nc5 Qxa3 16. bxa3 Bxf3 17. gxf3 Rfb8 18. Rab1 Rb5 19. a4 Rb6 20.
a5 Rb5 21. a4 Rxa5 22. Rb7 e6 23. Rfb1 Bf8 24. Nd7 Kg7 25. Nf6 Rxa4 26. Rd7
Rb4 27. Rc1 c5 28. dxc5 Rc8 29. c6 Rc4 30. Ra1 Bc5 31. c7 Bb6 32. Re7 g5 33.
Ra6 Kg6 34. Ne8 h5 35. Kg2 Rc2 36. h3 Rxf2+ 37. Kh1 Rxf3 38. Rxb6 axb6 39.
Nd6 Ra8 40. c8=Q Rxc8 41. Nxc8 Re3 42. Kg2 Rxe5 43. Rb7 b5 44. Rxb5 g4 45.
Nd6 gxh3+ 46. Kxh3 Kf6 47. Kg3 d4 48. Ne8+ Kf5 49. Rb7 d3 50. Rxf7+ Ke4 51.
Rf1 d2 52. Nf6+ Kd3 53. Nxh5 Kc2 54. Nf4 Rg5+ 55. Kf3 Rf5 56. Ke3 Rxf4 57.
Rxf4 d1=Q 58. Rc4+ Kb3 59. Re4 Qc2 60. Rxe6 Qc3+ 61. Kf4 Qc4+ 62. Kf5 Qxe6+
63. Kxe6 {Game drawn because neither player has mating material} 1/2-1/2

[Event "ICCopen2017"]
[Site "Internet Chess Club"]
[Date "2017.03.26"]
[Round "10"]
[White "bythebook"]
[Black "BlueJ"]
[Result "1-0"]
[ICCResult "Black resigns"]
[WhiteElo "1639"]
[BlackElo "1927"]
[Opening "Sicilian defense"]
[ECO "B40"]
[NIC "SI.43"]
[Time "20:53:36"]
[TimeControl "180+0"]

1. e4 c5 2. Nf3 e6 3. g3 Nc6 4. Bg2 g6 5. O-O Bg7 6. d3 Nge7 7. Nbd2 d5 8.
Re1 O-O 9. e5 Qc7 10. Qe2 h6 11. h4 f5 12. exf6 Rxf6 13. c3 Nf5 14. Nf1 Rf7
15. N1h2 Bd7 16. Ng4 Kh7 17. Bf4 Qb6 18. Nge5 Nxe5 19. Nxe5 Re7 20. Nxd7
Rxd7 21. Qxe6 Qxe6 22. Rxe6 Rf8 23. Rae1 Nxh4 24. Bd6 Nxg2 25. Kxg2 Rf6 26.
Rxf6 Bxf6 27. Bxc5 b6 28. Ba3 Kg7 29. Re6 Kf7 30. Rc6 h5 31. Bd6 Bg5 32. Rc7
Rxc7 33. Bxc7 Bc1 34. b3 Ke6 35. c4 dxc4 36. bxc4 Kd7 37. Bb8 a6 38. Kf3 Kc6
39. Ke4 Bd2 40. f4 Be1 41. f5 gxf5+ 42. Kxf5 Kc5 43. Be5 Kb4 44. Kg5 Ka3 45.
Kxh5 Kxa2 46. g4 Kb3 47. g5 Bb4 48. Kg6 a5 49. Kf7 a4 50. g6 a3 51. g7 Bc3
52. Bxc3 Kxc3 53. g8=Q a2 54. Qg7+ Kc2 55. Qa1 Kxd3 56. Qxa2 Kc3 57. Ke6 Kb4
58. Kd5 Kc3 59. Kc6 Kb4 60. Kxb6 Kc3 61. c5 Kd4 62. c6 {Black resigns} 1-0

[Event "ICCopen2017"]
[Site "Internet Chess Club"]
[Date "2017.03.26"]
[Round "10"]
[White "Clownfish"]
[Black "Ricardov"]
[Result "0-1"]
[ICCResult "White forfeits on time"]
[WhiteElo "2571"]
[BlackElo "2206"]
[Opening "Queen's bishop game"]
[ECO "D00"]
[NIC "QP.08"]
[Time "20:53:06"]
[TimeControl "180+0"]

1. d4 d5 2. Bf4 Nf6 3. Nf3 c5 4. c3 Qb6 5. Qb3 c4 6. Qc2 Nc6 7. Nbd2 Nh5 8.
Bg5 h6 9. Bh4 g5 10. Bg3 Nxg3 11. hxg3 Bg7 12. e4 e6 13. Be2 Ne7 14. e5 Bd7
15. b3 cxb3 16. axb3 Qc7 17. Rc1 b5 18. Nxg5 hxg5 19. Rxh8+ Bxh8 20. Qh7 Ng6
21. Qg8+ Nf8 22. Qxh8 a5 23. Qf6 Qd8 24. Qg7 a4 25. Bh5 Qe7 26. bxa4 bxa4
27. Nf3 a3 28. Nxg5 a2 29. Ra1 Qa3 30. Bxf7+ Kd8 31. Qf6+ Kc7 32. Qf3 Qb2
33. Qd1 Qxc3+ 34. Kf1 Bb5+ 35. Kg1 Be2 36. Qc1 Qxc1+ 37. Rxc1+ Kd7 38. Ra1
Bd3 39. f4 Bb1 40. Bh5 Rc8 41. Bg4 Rc1+ 42. Kf2 Ke7 43. Bf3 Rc2+ 44. Ke3 Rb2
45. Be2 Nd7 46. Nf3 Nb6 47. Bd3 Nc4+ 48. Bxc4 dxc4 49. Nd2 c3 50. Nc4 Rb4
51. Nd6 c2 52. Kd2 Rxd4+ 53. Kc1 Rxd6 54. Kb2 Rb6+ 55. Kc3 Rc6+ 56. Kd3
c1=Q+ {White forfeits on time} 0-1

[Event "ICCopen2017"]
[Site "Internet Chess Club"]
[Date "2017.03.26"]
[Round "10"]
[White "giovana64"]
[Black "ComeonJimtal"]
[Result "1-0"]
[ICCResult "Black resigns"]
[WhiteElo "1636"]
[BlackElo "1727"]
[Opening "Queen's Indian: 4.g3"]
[ECO "E15"]
[NIC "QI.02"]
[Time "20:53:44"]
[TimeControl "180+0"]

1. d4 Nf6 2. c4 e6 3. Nf3 b6 4. g3 d5 5. Bg2 Ne4 6. O-O Bb7 7. Qc2 Nd7 8.
Nbd2 f5 9. b3 Be7 10. a4 a5 11. Ba3 O-O 12. Bxe7 Qxe7 13. cxd5 Bxd5 14. Qxc7
Nxd2 15. Nxd2 Bxg2 16. Kxg2 Rac8 17. Qb7 Qd6 18. e3 Rb8 19. Qf3 e5 20. Nc4
Qf6 21. Qd5+ Rf7 22. Nxe5 Nxe5 23. dxe5 Qe7 24. Rac1 Rd8 25. Qc6 Qxe5 26.
Rfd1 Rxd1 27. Rxd1 h6 28. Rd4 Kh7 29. Qxb6 Re7 30. Qd6 Qxd6 31. Rxd6 Rb7 32.
Rd5 Rxb3 33. Rxa5 Kg6 34. Kf3 Rb4 35. Ra8 Kf6 36. a5 g5 37. a6 g4+ 38. Ke2
Ra4 39. a7 Kg7 40. f3 h5 41. fxg4 hxg4 42. Kd3 Ra2 43. Kd4 Ra5 44. Kc4 Ra1
45. Kd5 Ra5+ 46. Ke6 Ra6+ 47. Kxf5 Ra4 48. e4 Kh7 49. e5 Kg7 50. e6 Ra5+ 51.
Kxg4 Kf6 52. Rf8+ Kxe6 53. a8=Q Rxa8 54. Rxa8 {Black resigns} 1-0

[Event "ICCopen2017"]
[Site "Internet Chess Club"]
[Date "2017.03.26"]
[Round "10"]
[White "Jude"]
[Black "leole51"]
[Result "0-1"]
[ICCResult "White checkmated"]
[WhiteElo "1925"]
[BlackElo "1729"]
[Opening "Ruy Lopez: exchange variation, Alapin gambit"]
[ECO "C68"]
[NIC "RL.08"]
[Time "20:53:05"]
[TimeControl "180+0"]

1. e4 e5 2. Nf3 Nc6 3. Bb5 a6 4. Bxc6 dxc6 5. O-O Bg4 6. h3 h5 7. d3 Qf6 8.
Nbd2 Ne7 9. Re1 Bxf3 10. Qxf3 Qxf3 11. Nxf3 Ng6 12. d4 exd4 13. Nxd4 O-O-O
14. c3 Bd6 15. Be3 Rhe8 16. f3 Be5 17. Rad1 Rd7 18. Kf2 Red8 19. Ke2 Nh4 20.
g4 Ng2 21. Rg1 Nxe3 22. Kxe3 c5 23. f4 cxd4+ 24. cxd4 Bxd4+ 25. Rxd4 Rxd4
26. gxh5 Rd3+ 27. Ke2 Rxh3 28. Rxg7 Rxh5 29. e5 Rh3 30. Rxf7 Rg8 31. Kf2 Rd3
32. Ke2 Rd7 33. Rf6 Kd8 34. Ke3 Ke7 35. Ke4 Rd2 36. Rh6 Rf8 37. Rh7+ Rf7 38.
Rh8 Rxb2 39. Rb8 c6 40. a3 Rb3 41. f5 Rxa3 42. f6+ Kd7 43. Rxb7+ Ke6 44. Rb6
Ra4+ 45. Ke3 Kxe5 46. Rxc6 Rxf6 47. Rc5+ Kd6 48. Rc8 Re6+ 49. Kd3 Ree4 50.
Rd8+ Kc7 51. Rg8 Rh4 52. Rg7+ Kd6 53. Rg6+ Ke5 54. Rg5+ Kf6 55. Rg8 Rh3+ 56.
Kc2 Ra2+ 57. Kb1 Rah2 58. Rg1 Re3 59. Rf1+ Ke5 60. Rd1 Rhe2 61. Kc1 Re1 62.
Kd2 Rxd1+ 63. Kxe3 Rc1 64. Kf3 a5 65. Ke2 a4 66. Kd3 Rc7 67. Kd2 a3 68. Kd3
a2 69. Ke3 a1=Q 70. Kf3 Qa3+ 71. Kg4 Rc2 72. Kg5 Rf2 73. Kg6 Qg3+ 74. Kh5
Rh2# {White checkmated} 0-1

[Event "ICCopen2017"]
[Site "Internet Chess Club"]
[Date "2017.03.26"]
[Round "10"]
[White "DrJon"]
[Black "wagnerbi"]
[Result "0-1"]
[ICCResult "White checkmated"]
[WhiteElo "1369"]
[BlackElo "1854"]
[Opening "King's Indian: London system"]
[ECO "A48"]
[NIC "QP.03"]
[Time "20:53:09"]
[TimeControl "180+0"]

1. d4 Nf6 2. Nf3 g6 3. Bf4 Bg7 4. e3 O-O 5. h3 c5 6. c3 Qb6 7. Qb3 d6 8.
Nbd2 Nc6 9. Bb5 Bd7 10. Bxc6 Qxc6 11. O-O b5 12. Rac1 a5 13. Qc2 a4 14. a3
Bf5 15. Qd1 Ne4 16. Nxe4 Bxe4 17. Qe2 h6 18. Nh4 g5 19. f3 Bd5 20. e4 Bc4
21. d5 Qb6 22. Qe3 gxf4 23. Qxf4 e6 24. dxe6 fxe6 25. Qg4 d5 26. Rfe1 d4 27.
Ng6 Rf7 28. cxd4 Bxd4+ 29. Kh1 Rg7 30. Ne7+ Kh8 31. Ng6+ Kh7 32. Ne5 Rxg4
33. Nxg4 Rf8 34. Rb1 Qd8 35. Red1 Qh4 36. Kh2 h5 37. g3 Qg5 38. f4 Rxf4 39.
gxf4 Qxf4+ 40. Kg2 hxg4 41. hxg4 Qxe4+ 42. Kg3 Be5+ 43. Kh4 Bf6+ 44. Kh5 Qe3
45. Rh1 Qg5# {White checkmated} 0-1

[Event "ICCopen2017"]
[Site "Internet Chess Club"]
[Date "2017.03.26"]
[Round "10"]
[White "GreyWarden"]
[Black "BoldPlan"]
[Result "0-1"]
[ICCResult "White checkmated"]
[WhiteElo "1970"]
[BlackElo "1869"]
[Opening "Alekhine's defense: two pawns' (Lasker's) attack"]
[ECO "B02"]
[NIC "AL.10"]
[Time "20:52:59"]
[TimeControl "180+0"]

1. e4 Nf6 2. e5 Nd5 3. c4 Nb6 4. c5 Nd5 5. Bc4 e6 6. Nc3 Nxc3 7. bxc3 Bxc5
8. d4 Be7 9. Qg4 g6 10. h4 h5 11. Qg3 d5 12. Bd3 c5 13. Bd2 Nc6 14. Nf3 cxd4
15. Nxd4 Nxd4 16. cxd4 Qb6 17. Rc1 Qxd4 18. Bb5+ Bd7 19. Bxd7+ Kxd7 20. Qb3
Qxe5+ 21. Be3 Rhb8 22. Qb5+ Kd8 23. O-O Bd6 24. Bg5+ Be7 25. Rfe1 Qd6 26.
Bh6 Qd7 27. Qd3 Rc8 28. Rb1 b6 29. Qg3 Rc4 30. Bf4 Rac8 31. Rbd1 Rc2 32. Be5
Ke8 33. Qe3 Bc5 34. Qh6 Bxf2+ 35. Kh1 Qe7 36. Rf1 Qxh4+ 37. Bh2 Bg3 38. Qh8+
Ke7 39. Rxf7+ Kxf7 40. Qh7+ Ke8 41. Qxg6+ Kd7 42. Qxg3 Qxg3 43. Bxg3 Rc1 44.
Rf1 Rxf1+ 45. Kh2 Ra1 46. Be5 Rxa2 47. Kh3 Rac2 48. g3 R2c3 49. Bf4 Rc2 50.
Kh4 Rb2 51. Be5 Rb3 52. Kxh5 Rd3 53. g4 Rf3 54. Bf4 Rxf4 55. g5 Rf5 56. Kh6
Rxg5 57. Kxg5 a6 58. Kf4 a5 59. Ke3 a4 60. Kd2 a3 61. Kd3 a2 62. Ke3 Rc4 63.
Kd3 a1=Q 64. Kd2 Qa3 65. Ke2 Rb4 66. Kd1 Rb2 67. Kc1 Qa1# {White checkmated}
0-1

[Event "ICCopen2017"]
[Site "Internet Chess Club"]
[Date "2017.03.26"]
[Round "10"]
[White "DGurevich"]
[Black "KH"]
[Result "0-1"]
[ICCResult "White forfeits on time"]
[WhiteElo "2499"]
[BlackElo "2112"]
[Opening "Queen's pawn"]
[ECO "A40"]
[NIC "QO.17"]
[Time "20:53:19"]
[TimeControl "180+0"]

1. d4 h6 2. c4 g5 3. Nc3 Bg7 4. e4 c5 5. d5 Bxc3+ 6. bxc3 Qa5 7. Bd2 d6 8.
Bd3 Nf6 9. h4 g4 10. Ne2 Nbd7 11. Bf4 Nh5 12. Bh2 Rg8 13. Qd2 Ne5 14. Bxe5
dxe5 15. Qxh6 Nf6 16. Qe3 Bd7 17. Kf1 O-O-O 18. g3 b6 19. Kg2 Ne8 20. h5 Rh8
21. h6 Rh7 22. Rh5 f6 23. Nc1 Qxc3 24. Rb1 Nd6 25. Ne2 Qa3 26. Qd2 Rdh8 27.
Nc3 Kc7 28. Rb3 Qa5 29. Qc1 Qa6 30. Ra3 Qb7 31. Rb3 Qa6 32. a4 Qc8 33. a5
Qe8 34. axb6+ axb6 35. Qa1 Qa8 36. Ra3 Qb8 37. Ra7+ Nb7 38. Ra6 Rxh6 39.
Rxh6 Rxh6 40. Qb2 Nd6 41. Nd1 Bc8 42. Ra1 Bd7 43. Ne3 Qh8 44. Kf1 Rh1+ 45.
Ke2 Rxa1 46. Qxa1 Qh2 47. Qa8 Qh1 48. Qf8 Qf3+ 49. Ke1 Qh1+ 50. Kd2 Qf3 51.
Nd1 Nxe4+ 52. Bxe4 Qxe4 53. Qxe7 Qd4+ 54. Ke1 Qxc4 55. Ne3 Qc1+ 56. Ke2 Kc8
57. Qf8+ Kc7 58. Qg7 Kc8 59. Qf8+ Kc7 60. d6+ Kc6 61. Qa8+ Kxd6 62. Qd5+ Kc7
63. Qd3 c4 64. Qd5 c3 65. Nc4 Qc2+ 66. Ke3 Qf5 67. Qd6+ Kd8 68. Qf8+ Kc7 69.
Qd6+ Kd8 70. Nxb6 c2 71. Qb8+ Ke7 72. Qc7 c1=Q+ 73. Qxc1 Qg5+ 74. f4 Qxf4+
75. gxf4 exf4+ 76. Kxf4 f5 {White forfeits on time} 0-1

[Event "ICCopen2017"]
[Site "Internet Chess Club"]
[Date "2017.03.26"]
[Round "10"]
[White "beaupre"]
[Black "LevAbramovich"]
[Result "1-0"]
[ICCResult "Black checkmated"]
[WhiteElo "1862"]
[BlackElo "2014"]
[Opening "Sicilian: Grand Prix attack"]
[ECO "B23"]
[NIC "SI.44"]
[Time "20:53:37"]
[TimeControl "180+0"]

1. e4 c5 2. Nc3 Nc6 3. f4 g6 4. Nf3 Bg7 5. Bb5 Nd4 6. O-O Nxb5 7. Nxb5 d6 8.
d3 Bd7 9. Nc3 Bc6 10. Qe1 Qd7 11. a4 e6 12. Qh4 Qe7 13. Qe1 f5 14. Bd2 Nf6
15. exf5 exf5 16. Qf2 O-O 17. Rfe1 Qd7 18. h3 Nd5 19. Nxd5 Bxd5 20. Bc3 Bxc3
21. bxc3 Rae8 22. Ng5 h6 23. c4 Bc6 24. Nf3 Qg7 25. d4 Bxf3 26. Qxf3 Qxd4+
27. Kh2 Qxc4 28. Qxb7 Qxf4+ 29. Kh1 Qd2 30. Rxe8 Rxe8 31. Qd7 Re1+ 32. Rxe1
Qxe1+ 33. Kh2 Qe5+ 34. Kh1 h5 35. Qxa7 g5 36. Qb8+ Kg7 37. a5 g4 38. a6 g3
39. Qb7+ Kg6 40. Qb1 Qe4 41. a7 c4 42. Qd1 Kg5 43. Qd2+ f4 44. Qa5+ Kg6 45.
a8=Q f3 46. Qxe4+ Kf6 47. Qaf5+ Kg7 48. Qe7+ Kh6 49. Qfh7# {Black
checkmated} 1-0

[Event "ICCopen2017"]
[Site "Internet Chess Club"]
[Date "2017.03.26"]
[Round "10"]
[White "carro"]
[Black "camilian"]
[Result "0-1"]
[ICCResult "White forfeits on time"]
[WhiteElo "1189"]
[BlackElo "1222"]
[Opening "QGD: 3.Nc3"]
[ECO "D31"]
[NIC "QP.08"]
[Time "20:53:23"]
[TimeControl "180+0"]

1. d4 d5 2. c4 e6 3. Nc3 h6 4. Nf3 Nf6 5. e3 Bb4 6. Qc2 Nc6 7. a3 Bxc3+ 8.
bxc3 Ne4 9. Bd3 Nf6 10. O-O dxc4 11. Bxc4 O-O 12. Bd3 Qe7 13. c4 e5 14. d5
Nd8 15. e4 Ng4 16. h3 Nf6 17. Re1 Qc5 18. Be3 Qe7 19. c5 c6 20. d6 Qd7 21.
Reb1 Nh5 22. Qd2 Ne6 23. Rc1 Nd4 24. Nxd4 exd4 25. Bxd4 Qe6 26. Qe3 Qg6 27.
e5 Qe6 28. Be2 Qf5 29. Bxh5 Qxh5 30. Re1 Qg6 31. Kh2 Be6 32. Rab1 Bd5 33.
Qg3 Qf5 34. Rxb7 a5 35. Rc7 Qc2 36. Qc3 Qg6 37. Qg3 Qxg3+ 38. Kxg3 Rab8 39.
Kf4 Rb3 40. Re3 Rxe3 41. fxe3 f6 42. e6 Re8 43. e7 Kf7 44. Rd7 Be6 45. Rd8
a4 46. Rxe8 Kxe8 47. e4 Kd7 48. e5 f5 49. Bc3 g6 50. Bb4 g5+ 51. Kf3 h5 52.
Kg3 f4+ 53. Kf3 g4+ {White forfeits on time} 0-1

[Event "ICCopen2017"]
[Site "Internet Chess Club"]
[Date "2017.03.26"]
[Round "10"]
[White "MAU"]
[Black "FiveCardDraw"]
[Result "0-1"]
[ICCResult "White forfeits on time"]
[WhiteElo "1644"]
[BlackElo "1567"]
[Opening "Torre attack (Tartakower variation)"]
[ECO "D03"]
[NIC "QP.09"]
[Time "20:53:04"]
[TimeControl "180+0"]

1. Nf3 d5 2. d4 Nf6 3. Bg5 Ne4 4. Bh4 Nd7 5. c3 Ndf6 6. Qb3 e6 7. Nbd2 Be7
8. e3 Nxd2 9. Nxd2 c5 10. Bb5+ Bd7 11. Qa4 Bxb5 12. Qxb5+ Qd7 13. a4 Qxb5
14. axb5 c4 15. b6 a6 16. b4 Nd7 17. Bxe7 Kxe7 18. e4 Nxb6 19. O-O Rhe8 20.
Rfe1 Kf8 21. exd5 exd5 22. Nf3 Rxe1+ 23. Rxe1 Re8 24. Rxe8+ Kxe8 25. Nd2 Na4
26. Nb1 Ke7 27. Kf1 Kf6 28. Ke2 Kf5 29. Kf3 g5 30. g4+ Ke6 31. Ke3 f5 32. f3
f4+ 33. Kd2 Kf6 34. Kc2 Kg6 35. Na3 h5 36. h3 hxg4 37. hxg4 Kf6 38. b5 Ke6
39. bxa6 bxa6 40. Nb1 Kd6 41. Nd2 Kc6 42. Nf1 Kb5 43. Nd2 Nb6 44. Kb2 Ka4
45. Nb1 Nc8 46. Na3 Nd6 47. Nc2 Nb7 48. Nb4 a5 49. Nxd5 Nd6 50. Nf6 Kb5 51.
Nh7 Nf7 52. Ka3 a4 53. Nf6 Ka5 54. Ne4 Kb5 55. Nf6 Ka5 56. Nd5 Kb5 57. Nc7+
Kb6 58. Ne6 Ka5 59. d5 Kb5 60. Nd4+ Kb6 61. Kxa4 Kc5 62. Ka5 Kxd5 63. Kb4
Ne5 64. Nf5 Nd3+ 65. Kb5 Ne1 66. Ne7+ Ke6 67. Nc6 Nxf3 68. Nd4+ Nxd4+ 69.
cxd4 f3 70. Kxc4 f2 71. d5+ Kd6 72. Kd4 f1=Q 73. Ke4 Qg2+
{White forfeits on time}
0-1

[Event "ICCopen2017"]
[Site "Internet Chess Club"]
[Date "2017.03.26"]
[Round "10"]
[White "tirandopiezas"]
[Black "GranTorre"]
[Result "0-1"]
[ICCResult "White resigns"]
[WhiteElo "1993"]
[BlackElo "1897"]
[Opening "Sicilian: Sozin, Benkö variation"]
[ECO "B57"]
[NIC "SI.25"]
[Time "20:53:38"]
[TimeControl "180+0"]

1. e4 c5 2. Nf3 Nc6 3. Nc3 d6 4. d4 cxd4 5. Nxd4 Nf6 6. Bc4 Qb6 7. Nxc6 bxc6
8. O-O g6 9. Qe2 Bg7 10. Be3 Qxb2 11. Qd3 O-O 12. e5 Ng4 13. Bd4 Nxe5 14.
Bxe5 Bxe5 15. Ne2 Bf5 16. Qf3 Qxc2 17. Ng3 Bxa1 18. Nxf5 Qxf5 19. Qxf5 gxf5
20. Rxa1 d5 21. Bd3 e6 22. Rc1 Rfc8 23. Rc5 Kf8 24. f4 Ke7 25. Bc2 Kd6 26.
Rc3 c5 27. Rh3 c4 28. Rh6 d4 29. Bxf5 d3 30. Kf2 Rab8 31. Ke3 Rb2 32. Bg4
Rc7 33. f5 Rxg2 34. fxe6 fxe6 35. Bxe6 Rg6 36. Rxg6 hxg6 37. Bg4 Kc5
{White resigns}
0-1

[Event "ICCopen2017"]
[Site "Internet Chess Club"]
[Date "2017.03.26"]
[Round "10"]
[White "JohannesHaugish"]
[Black "TrendFriend"]
[Result "1-0"]
[ICCResult "Black forfeits on time"]
[WhiteElo "1985"]
[BlackElo "2394"]
[Opening "Neo-Grünfeld, 6.cd Nxd5, 7.O-O Nb6"]
[ECO "D76"]
[NIC "KI.80"]
[Time "20:53:22"]
[TimeControl "180+0"]

1. d4 Nf6 2. c4 g6 3. Nf3 Bg7 4. g3 d5 5. cxd5 Nxd5 6. Bg2 O-O 7. O-O Nb6 8.
Nc3 Nc6 9. e3 a5 10. b3 a4 11. Bd2 Be6 12. Ng5 Bd7 13. Nxa4 Nxa4 14. bxa4 e5
15. d5 Qxg5 16. dxc6 Bxc6 17. Bxc6 bxc6 18. Qc2 e4 19. Rab1 Qd5 20. Rfd1 Ra6
21. Bb4 Qe6 22. Bxf8 Bxf8 23. Rb8 Kg7 24. Qc3+ f6 25. a5 Bd6 26. Rb7 Kh6 27.
a4 c5 28. Rdb1 Qe5 29. Qxe5 Bxe5 30. R7b5 Bd6 31. Rc1 Kg7 32. Kf1 Kf7 33.
Rc4 f5 34. Ke2 Ke6 35. Kd2 Kd5 36. Kc3 Kc6 37. Kb3 Ra8 38. Rc2 h5 39. Kc4 h4
40. Rd2 hxg3 41. hxg3 Rh8 42. a6 Ra8 43. Ra5 Kb6 44. Rb5+ Kxa6 45. a5 Ra7
46. Rdb2 Ra8 47. Kd5 Ra7 48. Kc6 Ra8 49. Rb8 Ra7 50. R2b7 c4 51. Rxa7+ Kxa7
52. Rb2 c3 53. Rc2 Bb4 54. Kb5 c5 55. a6 Kb8 56. Kb6 Ka8 57. a7 c4 58. Rc1
c2 59. Rxc2 c3 60. Rc1 Be7 61. Rh1 Bd8+ 62. Ka6 Bf6 63. Rb1 Be5 64. Rd1
{Black forfeits on time}
1-0

[Event "ICCopen2017"]
[Site "Internet Chess Club"]
[Date "2017.03.26"]
[Round "10"]
[White "BronStorm"]
[Black "ChessOlympian"]
[Result "1-0"]
[ICCResult "Black checkmated"]
[WhiteElo "1892"]
[BlackElo "1630"]
[Opening "Sicilian: dragon, Yugoslav attack, 7...O-O"]
[ECO "B76"]
[NIC "SI.17"]
[Time "20:54:26"]
[TimeControl "180+0"]

1. e4 c5 2. Nf3 d6 3. d4 cxd4 4. Nxd4 Nf6 5. Nc3 g6 6. Be3 Bg7 7. f3 O-O 8.
Qd2 Nc6 9. g4 Nxd4 10. Bxd4 Be6 11. Nd5 Bxd5 12. exd5 Nd7 13. Bxg7 Kxg7 14.
O-O-O Rc8 15. Kb1 Rc5 16. h4 h6 17. h5 g5 18. f4 f6 19. Qd4 gxf4 20. Qxf4
Ne5 21. Bd3 Qc7 22. Be4 Qc8 23. Rhg1 Qd7 24. Rdf1 Rc4 25. g5 hxg5 26. Rxg5+
Kh8 27. Rxe5 dxe5 28. Qh6+ Kg8 29. Qh7# {Black checkmated} 1-0

[Event "ICCopen2017"]
[Site "Internet Chess Club"]
[Date "2017.03.26"]
[Round "10"]
[White "Heinichess"]
[Black "Morad-Magdy"]
[Result "1/2-1/2"]
[ICCResult "Black ran out of time and White has no material to mate"]
[WhiteElo "1888"]
[BlackElo "1995"]
[Opening "Sicilian: Kan, 5.Nc3"]
[ECO "B43"]
[NIC "SI.41"]
[Time "20:52:38"]
[TimeControl "180+0"]

1. e4 c5 2. Nf3 e6 3. d4 cxd4 4. Nxd4 a6 5. Nc3 Qc7 6. Bd3 Nf6 7. O-O Be7 8.
Qe2 d6 9. f4 Nbd7 10. Be3 O-O 11. Rae1 b5 12. a3 Bb7 13. Kh1 Rac8 14. Bg1 g6
15. f5 exf5 16. exf5 Ne5 17. fxg6 hxg6 18. Ne4 Nxe4 19. Bxe4 Bxe4 20. Qxe4
Qc4 21. b3 Qc3 22. Nf3 Qxc2 23. Nxe5 Qxe4 24. Rxe4 dxe5 25. Rxe5 Bxa3 26.
Ra1 Bb2 27. Rae1 Bxe5 28. Rxe5 Rc1 29. h3 Rd8 30. Kh2 Rd3 31. Bc5 Rxb3 32.
Bd4 Rc8 33. Re7 a5 34. Ra7 a4 35. Ra5 a3 36. h4 Rb4 37. Bf6 Ra4 38. Rxb5 a2
39. h5 a1=Q 40. Bxa1 Rxa1 41. hxg6 fxg6 42. Rb6 Kg7 43. Rb7+ Kh6 44. Rb4
Rac1 45. Rh4+ Kg5 46. Rd4 R1c4 47. Rd5+ Kh6 48. Rd3 Rc2 49. Rh3+ Kg7 50. Rd3
Rb8 51. Rd7+ Kf6 52. Rd6+ Kf5 53. Rd5+ Ke4 54. Rd6 g5 55. Re6+ Kf5 56. Ra6
Rbb2 57. Ra5+ Kg4 58. Ra4+ Kh5 59. Kh3 Rxg2 60. Rh4+ Kg6 61. Rh6+ Kf5 62.
Rf6+ Ke5 63. Re6+ Kd4 64. Rd6+ Ke3 65. Re6+ Kf2 66. Rf6+ Ke1 67. Re6+ Rge2
68. Rf6 Re3+ 69. Kg4 Rb4+ 70. Kxg5 Re5+ 71. Kg6 Rbb5 72. Rf3 Rg5+ 73. Kf6
Rh5 74. Re3+ Kf2 75. Re7 Rb6+ 76. Kg7 Ra5 77. Rf7+ Ke3 78. Re7+ Kd4 79. Rd7+
Kc5 80. Rf7 Rd6 81. Rf5+ Rd5 82. Rf7 Ra6 83. Kf8 Rdd6 84. Ke7 Rd8 85. Rf5+
Rd5 86. Rf7 Ra7+ 87. Ke6 Rxf7 88. Kxf7 Kd6 89. Kf6 Re5 90. Kf7 Re6 91. Kf8
Kd7 92. Kf7 Re7+ 93. Kf6 Kd6 94. Kf5 Re6 95. Kf4 Re5 96. Kf3 Kd5 97. Kg4 Kd4
98. Kf3 Re4 99. Kf2 Kd3 100. Kf3 Re3+ 101. Kf2 Re4 102. Kf3 Re5 103. Kf2 Kd4
104. Kf3 Rf5+ 105. Kg3 Ke4 106. Kg4 Rf4+ 107. Kg3 Rf5 108. Kg2 Ke5 109. Kg3
Rf4 110. Kg2 Ke4 111. Kg3 Ke3 112. Kg2 Rg4+ 113. Kf1 Kf4 114. Kf2 Rg3 115.
Ke2 {Black ran out of time and White has no material to mate} 1/2-1/2

[Event "ICCopen2017"]
[Site "Internet Chess Club"]
[Date "2017.03.26"]
[Round "10"]
[White "DoctorWho"]
[Black "devotional"]
[Result "0-1"]
[ICCResult "White forfeits on time"]
[WhiteElo "1873"]
[BlackElo "2086"]
[Opening "QGD Slav defense"]
[ECO "D10"]
[NIC "SL.01"]
[Time "20:52:57"]
[TimeControl "180+0"]

1. d4 d5 2. c4 c6 3. Nc3 dxc4 4. Nf3 b5 5. e4 Bb7 6. Be2 Nd7 7. O-O Ngf6 8.
Qc2 e6 9. a4 a6 10. Rd1 Be7 11. h4 h6 12. g3 O-O 13. e5 Nd5 14. Nxd5 cxd5
15. Bf4 b4 16. h5 Re8 17. Nh2 b3 18. Qc1 Bf8 19. Ng4 f5 20. exf6 Nxf6 21.
Ne5 Ne4 22. f3 Nd6 23. Ng6 Qf6 24. Be5 Qd8 25. Qf4 Nf7 26. Re1 Nxe5 27. Nxe5
Qf6 28. Qe3 Bb4 29. f4 Bxe1 30. Rxe1 Re7 31. Bg4 Rae8 32. Ng6 Rf7 33. Qd2
Bc8 34. Re5 Qd8 35. Qc3 Rf6 36. Kg2 Rxg6 37. hxg6 Qf6 38. Qb4 Qxg6 39. Bf3
Kh7 40. Qc5 Qc2+ 41. Re2 c3 42. Rxc2 bxc2 43. Qxc3 Bd7 44. Qxc2+ Kg8 45. Qc7
Bxa4 46. Qd6 Bb5 47. Bg4 Kf7 48. Bh5+ g6 49. Bf3 Re7 50. Qc5 h5 51. b4 Kf6
52. Bd1 Kf7 53. Qd6 Rd7 54. Qe5 Re7 55. Bc2 Re8 56. Qg5 Rg8 57. Qe5 Rg7 58.
Qd6 Kf6 59. Bb1 Re7 60. f5 Kf7 61. Qe5 gxf5 62. Qf4 Kf6 63. Qh6+ Kf7 64.
Qxh5+ Kf8 65. Qh4 Ke8 66. Qf4 Kd7 67. Qe5 Rf7 68. Bxf5 Ke7 69. Bxe6 Kf8 70.
Qxd5 Re7 71. Bf7 Rxf7 72. Qh5 Kg7 73. Qg5+ Kf8 74. Qe5 Rf6 75. Qd6+ Kg7 76.
Qxf6+ Kxf6 77. d5 Ke5 78. d6 Kxd6 79. Kh3 Bd7+ 80. Kh4 Bg4 81. Kxg4 Ke5 82.
Kh5 Ke6 83. g4 a5 84. g5 axb4 {White forfeits on time} 0-1

[Event "ICCopen2017"]
[Site "Internet Chess Club"]
[Date "2017.03.26"]
[Round "10"]
[White "Unico"]
[Black "zandoli"]
[Result "0-1"]
[ICCResult "White forfeits on time"]
[WhiteElo "2427"]
[BlackElo "2010"]
[Opening "Catalan: closed"]
[ECO "E01"]
[NIC "CA.01"]
[Time "20:53:38"]
[TimeControl "180+0"]

1. d4 Nf6 2. c4 e6 3. g3 d5 4. Bg2 g6 5. Nf3 Bg7 6. O-O O-O 7. Qc2 Nbd7 8.
Nc3 c6 9. e4 dxe4 10. Nxe4 Nxe4 11. Qxe4 Nf6 12. Qe2 Qa5 13. Bd2 Qc7 14. Bb4
Rd8 15. Rad1 b6 16. Ne5 Bb7 17. Rfe1 c5 18. Bxb7 Qxb7 19. dxc5 bxc5 20. Bxc5
Rxd1 21. Rxd1 Rc8 22. Bd4 Rd8 23. b3 Ne4 24. Nf3 Nc3 25. Bxc3 Rxd1+ 26. Qxd1
Bxc3 27. Qd3 Bf6 28. c5 a5 29. Nd2 Qc6 30. Qd6 Qxd6 31. cxd6 Bd8 32. Nc4 Kf8
33. a3 f6 34. f4 Ke8 35. b4 axb4 36. axb4 Kd7 37. b5 e5 38. fxe5 fxe5 39.
Nxe5+ Ke6 40. Nf7 Kxf7 41. b6 Bxb6+ 42. Kg2 Ke6 43. Kf3 Kxd6 44. Kf4 Ke6 45.
Kg5 Be3+ 46. Kg4 h5+ 47. Kh3 Kf5 48. Kg2 Bb6 49. h3 Ke4 50. h4 Bc7 51. Kf2
Bb6+ 52. Kg2 Bc5 53. Kh2 Kf3 54. Kh3 Bf2 55. Kh2 Bxg3+ 56. Kh3 Bf2 57. Kh2
Bxh4 58. Kh3 Bf2 59. Kh2 g5 60. Kh3 g4+ 61. Kh2 g3+ 62. Kh1 g2+ 63. Kh2
g1=Q+ {White forfeits on time} 0-1

[Event "ICCopen2017"]
[Site "Internet Chess Club"]
[Date "2017.03.26"]
[Round "10"]
[White "Nc3-4Me"]
[Black "ROWLAND"]
[Result "1-0"]
[ICCResult "Black forfeits on time"]
[WhiteElo "1795"]
[BlackElo "1460"]
[Opening "Blackmar-Diemer gambit"]
[ECO "D00"]
[NIC "VO.15"]
[Time "20:53:40"]
[TimeControl "180+0"]

1. Nc3 Nf6 2. d4 d5 3. e4 Nxe4 4. Nxe4 dxe4 5. Bc4 c5 6. Qh5 g6 7. Qxc5 Bg7
8. Be3 O-O 9. O-O-O Nc6 10. Ne2 Bg4 11. h3 Bxe2 12. Bxe2 Rc8 13. Qa3 Nxd4
14. Bxd4 Bxd4 15. Qb4 Qc7 16. c3 Bxf2 17. Qxe4 Rfd8 18. Rhf1 Rxd1+ 19. Bxd1
Bg3 20. Qf3 e6 21. Bb3 Be5 22. Re1 Bf4+ 23. Kb1 e5 24. Rf1 Qd7 25. g3 Qf5+
26. Ka1 Bd2 27. Qxf5 gxf5 28. Rxf5 Rc7 29. Rxe5 Kg7 30. a4 a6 31. Re2 Bg5
32. h4 Bf6 33. Rf2 h5 34. Bd1 Kg6 35. Bxh5+ Kxh5 36. Rxf6 Kg4 37. h5 Kg5 38.
Rf3 Kxh5 39. Ka2 Kg4 40. Rd3 Re7 41. b4 f5 42. Kb3 Re4 43. b5 axb5 44. axb5
b6 45. c4 Re5 46. Kb4 Rc5 47. Rd5 {Black forfeits on time} 1-0